 Dungeon Crawl Stone Soup version 0.25.1-2-g60ff931df9 (webtiles) character file.

Game seed: 6864572947983280704

438 DearestLeader the Geomancer (level 7, 0/36 HPs)
             Began as a Gargoyle Earth Elementalist on Sept 25, 2020.
             Slain by a gnoll
             ... wielding a +0 spear
              (2 damage)
             ... on level 5 of the Dungeon.
             The game lasted 00:09:00 (4213 turns).

DearestLeader the Geomancer (GrEE)                  Turns: 4213, Time: 00:09:01

Health: 0/36       AC:  7    Str: 11    XL:     7   Next: 1%
Magic:  6/10       EV: 12    Int: 18    God:
Gold:   262        SH:  0    Dex: 10    Spells: 4/10 levels left

rFire    . . .     SeeInvis .   t - +2 hand axe (vamp)
rCold    . . .     Gourm    .   (no shield)
rNeg     + + .     Faith    .   c - +0 robe
rPois    ∞         Spirit   .   (no helmet)
rElec    +         Reflect  .   j - +0 cloak
rCorr    .         Harm     .   (no gloves)
MR       .....                  (no boots)
Stlth    ++........             (no amulet)
HPRegen  0.12/turn              i - ring of positive energy
MPRegen  0.12/turn              r - +4 ring of slaying

@: no status effects
A: negative energy resistance 1, electricity resistance, unbreathing,
petrification resistance, rot immunity, AC +4
a: no special abilities


You were on level 5 of the Dungeon.
You were very hungry.

You visited 1 branch of the dungeon, and saw 5 of its levels.

You collected 262 gold pieces.

Inventory:

Hand Weapons
 a - a +0 dagger
 t - a +2 vampiric hand axe (weapon)
Missiles
 b - 112 stones (quivered)
Armour
 c - a +0 robe (worn)
 j - a +0 cloak (worn)
 m - a +0 buckler
Jewellery
 i - a ring of positive energy (left hand)
 r - a +4 ring of slaying (right hand)
 u - a cursed ring of attention {unknown}
Wands
 w - a wand of paralysis (2)
Scrolls
 g - a scroll of vulnerability {unknown}
 k - 4 scrolls of amnesia {unknown}
 n - a scroll of fear {unknown}
 o - 3 scrolls of remove curse {unknown}
 p - a scroll of enchant weapon {unknown}
 q - 2 scrolls of identify {unknown}
 s - 2 scrolls of teleportation {unknown}
 x - 2 scrolls of immolation {unknown}
Potions
 e - a potion of stabbing {unknown}
 f - a potion of might {unknown}
 h - 4 potions of curing {unknown}
 l - a potion of magic {unknown}
 v - a potion of flight {unknown}
Comestibles
 d - 13 rations


   Skills:
 - Level 1.5 Dodging
 - Level 2.1 Stealth
 - Level 2.0 Spellcasting
 - Level 0.7 Transmutations
 * Level 9.2 Earth Magic


You had 4 spell levels left.
You knew the following spells:

 Your Spells              Type           Power        Failure   Level  Hunger
a - Sandblast             Erth           #####.       1%          1    #......
b - Passwall              Tmut/Erth      ###.....     3%          2    ###....
c - Stone Arrow           Conj/Erth      ###...       9%          3    ###....

Your spell library contained the following spells:

 Spells                   Type           Power        Failure   Level  Hunger
 Petrify                  Tmut/Erth      ###.....     24%         4    #####..
 Lee's Rapid Deconstruct  Erth           #####.....   12%         5    ######.


Dungeon Overview and Level Annotations

Branches:
Dungeon (5/15)
 Temple: D:4-7

Altars:
Fedhas
Kikubaaqudgha
Okawaru
Ru
Trog


Innate Abilities, Weirdness & Mutations

You are resistant to torment.
Your stone body is resilient. (AC +4)
You are immune to poison.
You resist negative energy. (rN+)
You are resistant to electric shocks. (rElec)
You can survive without breathing.
You are immune to petrification.
You are immune to rotting.


Message History

Casting: Sandblast (safe; 1% risk of failure)
Confirm with . or Enter, or press ? or * to list all spells.
Aiming: Sandblast (safe; 1% risk of failure)
Press: ? - help, Shift-Dir - straight line, f - gnoll
Aim: a gnoll, wielding a -1 whip The blast of sand hits the gnoll!
The gnoll is severely wounded.
b - 113 stones The gnoll hits you but does no damage. x2
Casting: Sandblast (safe; 1% risk of failure)
Confirm with . or Enter, or press ? or * to list all spells.
Aiming: Sandblast (safe; 1% risk of failure)
Press: ? - help, Shift-Dir - straight line, f/p - gnoll
Aim: a gnoll, wielding a -1 whip (severely wounded)
The blast of sand hits the gnoll!!
You kill the gnoll!
You have reached level 7!
b - 112 stones The gnoll hits you from afar with a +0 spear.
You die...

#......# #.....#
#......# #.....#
+......# #....##
#......#
#....#########
#......#
#.............
#......#
#...##........
#.....g#
#...##........ #a#
#...##........
#@###...##........
#.(.'.............
########...##........
........#####........
#######.# #........
#.# #........ #.#
#.####### #.# #.# #.#
.#


You could see a worker ant and a gnoll.

Vanquished Creatures
  A centaur (D:5)
  A scorpion (D:4)
  A hound (D:5)
  An iguana (D:4)
  2 worker ants
  A howler monkey zombie (D:2)
  7 gnolls
  4 adders
  An ooze (D:1)
  3 worms
  A dart slug (D:1)
  3 leopard geckos
  3 orcs (D:3)
  3 giant cockroaches
  4 hobgoblins
  9 jackals
  A quokka (D:3)
  A ball python (D:4)
  5 bats
  7 frilled lizards
  9 goblins
  5 kobolds
  A quokka skeleton (D:4)
  13 rats
87 creatures vanquished.

Notes
Turn   | Place    | Note
-------+----------+-------------------------------------------
     0 | D:1      | DearestLeader the Gargoyle Earth Elementalist began the
                  | quest for the Orb.
     0 | D:1      | Reached XP level 1. HP: 10/10 MP: 3/3
    63 | D:1      | Reached skill level 4 in Earth Magic
   305 | D:1      | Reached XP level 2. HP: 15/15 MP: 3/5
   722 | D:1      | Reached skill level 5 in Earth Magic
   722 | D:1      | Reached XP level 3. HP: 10/19 MP: 0/6
   931 | D:1      | You fall into a shaft and drop 1 floor!
  1602 | D:2      | Reached XP level 4. HP: 13/24 MP: 1/7
  1736 | D:2      | Reached skill level 6 in Earth Magic
  1836 | D:2      | Found a bloodstained altar of Trog.
  2359 | D:3      | You fall into a shaft and drop 1 floor!
  2423 | D:4      | Reached XP level 5. HP: 28/28 MP: 6/8
  2428 | D:4      | Reached skill level 7 in Earth Magic
  2710 | D:3      | Learned a level 2 spell: Passwall
  2714 | D:3      | Learned a level 3 spell: Stone Arrow
  2902 | D:3      | Found a blossoming altar of Fedhas.
  2902 | D:3      | Found an ancient bone altar of Kikubaaqudgha.
  3087 | D:3      | Reached XP level 6. HP: 32/32 MP: 9/9
  3215 | D:4      | Found an iron altar of Okawaru.
  3252 | D:4      | Reached skill level 8 in Earth Magic
  3756 | D:4      | Found a sacrificial altar of Ru.
  4078 | D:5      | Entered Level 5 of the Dungeon
  4211 | D:5      | Reached skill level 9 in Earth Magic
  4213 | D:5      | Reached XP level 7. HP: 2/36 MP: 6/10
  4213 | D:5      | Slain by a gnoll

Illustrated notes

Levels and vault maps discovered:
D:1:      onia_arrival_handbag, layout_basic
D:2:      layout_basic, bloody_trog
D:3:      layout_loops_ring, grunt_temple_overflow_growth_and_decay
D:4:      layout_basic, lemuel_doored_altar, lemuel_crystal_altar, first_ration
D:5:      layout_basic

Skill      XL: |  1  2  3  4  5  6 |
---------------+-------------------+-----
Earth Magic    | 4 5 6 7 9 |  9.2
Dodging        | |  1.5
Stealth        | |  2.1
Spellcasting   | |  2.0
Transmutations | |  0.7

Action                   |  1- 3 |  4- 6 |  7- 9 || total
-------------------------+-------+-------+-------++-------
Melee: Unarmed           |    20 |       |       ||    20
       Dagger            |    80 |    35 |       ||   115
       Hand axe          |       |    89 |       ||    89
 Cast: Sandblast         |    31 |    14 |     1 ||    46
 Stab: Sleeping          |     2 |     3 |       ||     5
  Eat: Chunk             |     3 |     7 |       ||    10
Armor: Robe              |    38 |    40 |       ||    78
Dodge: Dodged            |    93 |    78 |       ||   171
